AoeStats
← TM Caesar

Hideout

508067200Analyzed
1v1 RM · 13d ago on Sep 20, 2026· 44m 50s· 2 players
Game mode
Random Map
Map size
Tiny (2 player)
Population
200
Speed
Normal
Resources
Standard
Victory
Conquest
Starting age
Dark Age
Ending age
Imperial Age
RankedLock teamsTeams togetherTeam positionsShared explorationLock speedFull tech treeHidden civsTurbo modeCheats
Victory
Defeat
🇧🇷 Mongols · Brazil
1609
+18
🇦🇷 Khitans · Argentina
1645
-18
GAX | Anderson Cassiano
10:35 Feudal Age
14:32 Castle Age
12:25 Double-Bit Axe
13:01 Fletching
13:08 Horse Collar
13:31 Loom
15:26 Bodkin Arrow
17:52 Bow Saw
22:19 Town Watch
26:09 Wheelbarrow
29:17 Stone Mining
29:18 Gold Mining
31:53 Hand Cart
32:03 Padded Archer Armor
35:48 Imperial Age
35:23 Leather Archer Armor
37:06 Bracer
38:08 Chemistry
37:15 Light Cavalry
38:05 Bloodlines
37:57 Husbandry
39:21 Stone Shaft Mining
38:17 Hussar
39:10 Thumb Ring
39:31 Parthian Tactics
39:56 Gold Shaft Mining
39:32 Scale Barding Armor
40:33 Chain Barding Armor
40:55 Conscription
40:11 Elite Mangudai
41:16 Ballistics
41:59 Forging
42:18 Parthian Tactics
44:00 Hoardings
44:25 Hoardings
44:38 Iron Casting
44:29 Masonry
TM Caesar
8:00 Loom
10:22 Feudal Age
11:41 Loom
14:41 Castle Age
13:11 Double-Bit Axe
13:35 Domestication
15:27 Fletching
15:18 Crossbowman
19:13 Wheelbarrow
19:16 Bodkin Arrow
20:05 Padded Archer Armor
22:02 Ballistics
21:57 Thumb Ring
23:48 Bow Saw
23:59 Elite Skirmisher
25:53 Leather Archer Armor
29:17 Hand Cart
31:19 Pastoralism
34:12 Imperial Age
32:17 Pastoralism
34:54 Bracer
35:28 Ring Archer Armor
36:01 Chemistry
37:59 Parthian Tactics
39:39 Conscription
39:10 Town Watch
40:33 Husbandry
41:45 Ordo Cavalry
41:36 Gold Mining
42:18 Heavy Cavalry Archer
43:05 Scale Barding Armor
Connection lost

Rejoining the realm…

Still unreachable

The connection could not be restored.

Session expired

The server has moved on; the page needs a fresh start.